 Dungeon Crawl Stone Soup version 0.31-a0-1-g4198be8af4 (webtiles) character file.

Game seed: 1194344451965117555

35 Jarnaxa the Magician (level 3, -5/19 HPs)
             Began as a Deep Elf Hedge Wizard on May 2, 2023.
             Slain by a worm (6 damage)
             ... on level 2 of the Dungeon.
             The game lasted 00:04:16 (1512 turns).

Jarnaxa the Magician (Deep Elf Hedge Wizard)        Turns: 1512, Time: 00:04:18

Health: -5/19      AC:  2    Str:  7    XL:     3   Next: 17%
Magic:  2/12       EV: 12    Int: 20    God:
Gold:   87         SH:  5    Dex: 14    Spells: 12/13 levels left

rFire   . . .        o - +1 dagger (venom)
rCold   . . .        (no shield)
rNeg    . . .        b - +0 robe
rPois   .            c - +0 hat
rElec   .            (no cloak)
rCorr   .            (no gloves)
SInv    .            (no boots)
Will    .....        m - amulet of reflection
Stlth   ++           (no ring)
HPRegen 0.23/turn    (no ring)
MPRegen 0.13/turn

%: reflection
@: no status effects
A: no striking features
a: no special abilities


You were on level 2 of the Dungeon.
You visited 1 branch of the dungeon, and saw 2 of its levels.

You collected 87 gold pieces.

Inventory:

Hand Weapons
 a - a +0 dagger
 o - a +1 dagger of venom (weapon)
Armour
 b - a +0 robe (worn)
 c - a +0 hat (worn)
Jewellery
 m - an amulet of reflection (around neck)
Wands
 n - a wand of quicksilver (13)
Scrolls
 e - 2 scrolls of identify {unknown}
 g - a scroll of vulnerability {unknown}
 i - a scroll of butterflies {unknown}
 k - 2 scrolls of enchant armour {unknown}
 l - 2 scrolls of fear {unknown}
Potions
 f - a potion of curing {unknown}
 h - a potion of brilliance {unknown}
 j - a potion of haste {unknown}


   Skills:
 - Level 2.5 Dodging
 - Level 2.4 Stealth
 + Level 5.5 Spellcasting
 * Level 2.0 Conjurations
 + Level 1.1 Summonings
 + Level 1.1 Translocations


You had 12 spell levels left.
You knew the following spells:

 Your Spells              Type           Power      Damage    Failure   Level
a - Magic Dart            Conj           52%        1d5       4%          1

Your spell library contained the following spells:

 Spells                   Type           Power      Damage    Failure   Level
 Slow                     Hex            20%        N/A       11%         1
 Blink                    Tloc           20%        N/A       11%         2
 Call Imp                 Summ           20%        N/A       11%         2
 Cigotuvi's Dreadful Rot  Necr/Pois/Air  10%        N/A       17%         2
 Mephitic Cloud           Conj/Pois/Air  8%         N/A       26%         3


Dungeon Overview and Level Annotations

Branches:
Dungeon (2/15)

Altars:


Message History

The magic dart hits the worm.
The worm is lightly wounded.
The magic dart hits the worm.
The worm is moderately wounded.
You hear an angry hiss.
A ball python comes into view.
The magic dart hits the worm.
The worm is heavily wounded.
The magic dart hits the worm.
The worm is severely wounded.
The magic dart hits the ball python.
You kill the ball python!
The magic dart hits the worm.
The worm is severely wounded.
The magic dart hits the worm but does no damage.
The worm is severely wounded.
The worm bites you!
The magic dart hits the worm.
The worm is almost dead.
The worm bites you!
* * * LOW HITPOINT WARNING * * *
You are too injured to fight recklessly!
You are too injured to fight recklessly!
You are too injured to fight recklessly!
Casting: Magic Dart (safe; 4% risk of failure)
Confirm with . or Enter, or press ? or * to list all spells.
Aiming: Magic Dart (safe; 4% risk of failure)
Press: ? - help, Shift-Dir - straight line, f/p - worm
Aim: a worm (almost dead, 100% to hit)
The magic dart hits the worm but does no damage.
The worm is almost dead.
Casting: Magic Dart (safe; 4% risk of failure)
Confirm with . or Enter, or press ? or * to list all spells.
Aiming: Magic Dart (safe; 4% risk of failure)
Press: ? - help, Shift-Dir - straight line, f/p - worm
Aim: a worm (almost dead, 100% to hit)
The magic dart hits the worm but does no damage.
The worm is almost dead.
The worm bites you.
You die...

##.....# ##+#.....
#.#.....## #.#.####
........#####.#.#<#
#.....#)......#...###
....................#
#..>............###.#
..(...#####...#.#
..........#####.# #
....(.....w@....###.###
..........###..........
......... #..!.......
.... #.......... ...
#†......... ..
#.......... .
#.......... #..........
#..........


You could see a worm.

Vanquished Creatures
  6 ball pythons
  3 endoplasms
  A giant cockroach (D:1)
  5 goblins
  3 hobgoblins (D:1)
  3 kobolds
  3 quokkas
  2 frilled lizards (D:1)
  4 rats
30 creatures vanquished.

Notes
Turn   | Place    | Note
-------+----------+-------------------------------------------
     0 | D:1      | Jarnaxa the Deep Elf Hedge Wizard began the quest for the
                  | Orb.
     0 | D:1      | Reached XP level 1. HP: 10/10 MP: 7/7
   158 | D:1      | Reached skill level 5 in Spellcasting
   197 | D:1      | Reached XP level 2. HP: 15/15 MP: 3/10
  1275 | D:2      | Reached XP level 3. HP: 19/19 MP: 6/11
  1512 | D:2      | Slain by a worm

Illustrated notes

Levels and vault maps discovered:
D:1:      lightli_arrival_noodles, layout_basic, chequers_serial_rivers_room_b,
          st_stairs_4
D:2:      layout_basic

Skill      XL: |  1  2  3 |
---------------+----------+-----
Spellcasting   | 5 |  5.5
Conjurations   | 2 |  2.0
Dodging        | |  2.5
Stealth        | |  2.4
Summonings     | |  1.1
Translocations | |  1.1

Action                     || total
---------------------------++-------
  Melee: Dagger            ||     6
   Cast: Magic Dart        ||    72
 Armour: Robe              ||     2
  Dodge: Dodged            ||    13

Table legend: (Time is in decaauts)
 A = Elapsed time spent in this place.
 B = Non-inter-level travel time spent in this place.
 C = Inter-level travel time spent in this place.
 D = Time resting spent in this place.
 E = Time spent auto-exploring this place.
 F = Levels seen in this place.
 G = Mean time per level.
                   A        B        C        D        E       F      G
               +--------+--------+--------+--------+--------+-----+--------+
         Total |   1513 |   1500 |     13 |      0 |   1358 |   2 |  756.5 |
       Dungeon |   1513 |   1500 |     13 |      0 |   1358 |   2 |  756.5 |
               +--------+--------+--------+--------+--------+-----+--------+

Top non-repeatable levels by time:
     D:1: 1218 daAuts
     D:2: 295 daAuts
